AoeStats
← Based Assad

Arabia

508274297Analyzed
1v1 RM · 10d ago on Sep 21, 2026· 54m 49s· 2 players
Game mode
Random Map
Map size
Tiny (2 player)
Population
200
Speed
Normal
Resources
Standard
Victory
Conquest
Starting age
Dark Age
Ending age
Imperial Age
RankedLock teamsTeams togetherTeam positionsShared explorationLock speedFull tech treeHidden civsTurbo modeCheats
Victory
Defeat
🇨🇷 Byzantines · Costa Rica
1084
+16
🇬🇹 Goths · Guatemala
1079
-16
felipences1980
0:35 Loom
12:37 Feudal Age
13:15 Double-Bit Axe
14:37 Bloodlines
17:37 Scale Barding Armor
17:06 Man-at-Arms
18:54 Town Watch
20:01 Forging
19:57 Gold Mining
25:13 Castle Age
24:07 Scale Mail Armor
25:25 Long Swordsman
27:16 Chain Mail Armor
29:54 Wheelbarrow
29:57 Iron Casting
30:00 Squires
35:24 Pikeman
45:20 Imperial Age
47:18 Blast Furnace
45:44 Two-Handed Swordsman
46:21 Halberdier
50:13 Bow Saw
49:46 Horse Collar
50:26 Champion
51:52 Anarchy
52:25 Hand Cart
Based Assad
7:16 Loom
9:38 Feudal Age
25:11 Castle Age
23:21 Double-Bit Axe
23:19 Horse Collar
24:52 Forging
24:47 Scale Barding Armor
25:34 Fletching
26:11 Crossbowman
27:13 Padded Archer Armor
29:25 Wheelbarrow
29:47 Bodkin Arrow
31:34 Ballistics
32:11 Stone Mining
32:34 Bow Saw
35:44 Chain Barding Armor
38:40 Gold Mining
43:14 Chain Barding Armor
47:03 Imperial Age
45:50 Iron Casting
45:38 Fervor
46:00 Treadmill Crane
47:00 Stone Shaft Mining
46:28 Heavy Plow
48:15 Conscription
48:58 Chemistry
48:35 Plate Barding Armor
51:20 Bracer
51:44 Leather Archer Armor
Connection lost

Rejoining the realm…

Still unreachable

The connection could not be restored.

Session expired

The server has moved on; the page needs a fresh start.